 Dungeon Crawl Stone Soup version 0.29-a0-620-g13ace881f2 (webtiles) character file.

Game seed: 7152874552311018146

46 frimble the Grasshopper (level 3, 0/24 HPs)
             Began as an Octopode Warper on June 18, 2022.
             Killed by nerve-wracking pain
             ... invoked by Jessica
              (12 damage)
             ... on level 2 of the Dungeon.
             The game lasted 00:01:38 (1789 turns).

frimble the Grasshopper (Octopode Warper)           Turns: 1789, Time: 00:01:38

Health: 0/24       AC:  1    Str: 10    XL:     3   Next: 66%
Magic:  6/6        EV: 13    Int: 17    God:
Gold:   79         SH:  0    Dex: 11    Spells: 4/6 levels left

rFire   . . .      SeeInvis .   a - +0 falchion
rCold   . . .      Faith    .   (no shield)
rNeg    . . .      Spirit   .   (helmet restricted)
rPois   .          Reflect  .   (no amulet)
rElec   .          Harm     .   (no ring)
rCorr   .          Rampage  .   (no ring)
Will    .....                   (no ring)
Stlth   ++........              (no ring)
HPRegen 0.08/turn               (no ring)
MPRegen 0.10/turn               (no ring)
                                (no ring)
                                (no ring)

@: lethally poisoned (0 -> -2)
A: almost no armour, amphibious, 8 rings, camouflage 1, gelatinous body 1,
(nimble swimmer 1), tentacles
a: no special abilities


You were on level 2 of the Dungeon.
You visited 1 branch of the dungeon, and saw 2 of its levels.

You collected 79 gold pieces.

Inventory:

Hand Weapons
 a - a +0 falchion (weapon)
 b - a +0 hunting sling
Missiles
 c - 7 boomerangs of dispersal (quivered)
 i - 4 curare-tipped darts
Scrolls
 d - a scroll of blinking
 e - 4 scrolls of identify
 k - a scroll of teleportation {unknown}
Potions
 f - a potion of invisibility
 g - a potion of curing
 h - a potion of berserk rage {unknown}
 j - a potion of might {unknown}


   Skills:
 - Level 2.0 Fighting
 + Level 3.0 Long Blades
 + Level 1.8(2.0) Slings
 - Level 1.1(1.6) Throwing
 - Level 2.4 Dodging
 - Level 2.0 Spellcasting
 - Level 3.0 Translocations


You had 4 spell levels left.
You knew the following spells:

 Your Spells              Type           Power      Damage    Failure   Level
a - Blink                 Tloc           24%        N/A       9%          2

Your spell library contained the following spells:

 Spells                   Type           Power      Damage    Failure   Level
 Gell's Gravitas          Tloc           12%        N/A       17%         3
 Lesser Beckoning         Tloc           12%        N/A       17%         3
 Teleport Other           Tloc           12%        N/A       17%         3
 Manifold Assault         Tloc           12%        N/A       83%         5


Dungeon Overview and Level Annotations

Branches:
Dungeon (2/15)

Altars:

Annotations:
D:2 1 runed translucent door, Crazy Yiuf, Jessica


Innate Abilities, Weirdness & Mutations

You cannot wear most types of armour.
You are amphibious.
You can wear up to eight rings at the same time.
Your skin changes colour to match your surroundings (Stealth+).
Your rubbery body absorbs attacks. (AC +1, EV +1)
((You are camouflaged when in or above water. (Stealth+)))
You have tentacles for arms and can constrict up to eight enemies at once.


Message History

You shoot a sling bullet.
The sling bullet barely misses the ball python.
The sling bullet completely misses Jessica.
The adder hisses angrily.
You shoot a sling bullet.
The sling bullet barely misses the ball python.
The sling bullet hits Jessica.
Jessica is moderately wounded.
The ball python bites you but does no damage.
The ball python grabs you. The ball python constricts you.
You escape the ball python's grasp.
a - a +0 falchion (weapon)
The ball python closely misses you. The ball python barely misses you.
You closely miss the ball python. You grab the ball python.
You constrict the ball python.
Jessica gestures wildly while chanting.
Jessica blinks!
The ball python closely misses you. The ball python barely misses you.
You slash the ball python!
You kill the ball python!
The adder completely misses you. The adder closely misses you.
The adder bites you. Jessica hits you with a +0 dagger.
You see here a ball python corpse.
The adder bites you.
You are poisoned.
The adder poisons you!
You feel sick. The adder misses you.
Jessica mumbles some strange words.
Jessica blinks!
You closely miss the adder. You grab the adder.
You squeeze the adder, but do no damage.
You constrict the adder.
You feel sick. The adder closely misses you.
You hit the adder.
The adder is heavily wounded.
You constrict the adder.
You feel sick. The adder closely misses you.
Jessica says, "Why did you come here?" Jessica casts a spell at you.
Pain shoots through your body!
Ouch! That really hurt!
You die...

#.......†...........##.
#....##.#.#######..# ##
#.##..#...# ...
#........##
#####....####
##......### #.........
##†.##.... #@@.# ##..
###S..# # #..§###
#.......# #.......#
#.......# #.####.#.. #.
..... #. .....#


You could see an adder and Jessica.

Vanquished Creatures
  4 endoplasms
  2 giant cockroaches (D:1)
  2 goblins (D:1)
  2 hobgoblins (D:1)
  8 jackals (D:1)
  A quokka (D:2)
  3 ball pythons
  7 bats
  5 frilled lizards
  A kobold (D:2)
  8 rats
43 creatures vanquished.

Notes
Turn   | Place    | Note
-------+----------+-------------------------------------------
     0 | D:1      | frimble the Octopode Warper began the quest for the Orb.
     0 | D:1      | Reached XP level 1. HP: 14/14 MP: 3/3
   173 | D:1      | Reached XP level 2. HP: 19/19 MP: 5/5
   322 | D:1      | Reached skill level 1 in Slings
   932 | D:1      | Reached XP level 3. HP: 24/24 MP: 6/6
   933 | D:1      | Found a faded altar of an unknown god.
   943 | D:1      | Learned a level 2 spell: Blink
  1572 | D:2      | Found a runed translucent door.
  1573 | D:2      | Noticed Crazy Yiuf
  1777 | D:2      | Noticed Jessica
  1789 | D:2      | Killed from afar by Jessica

Illustrated notes

Levels and vault maps discovered:
D:1:      ncdulo_halloftheorcs, layout_loops_ring,
          chequers_ecumenical_altar_island, hex_tiny
D:2:      layout_rooms, basic_altar, uniq_jessica, uniq_crazy_yiuf_cottage

Skill      XL: |  1  2  3 |
---------------+----------+-----
Slings         | 1 |  1.8
Long Blades    | 3 |  3.0
Fighting       | |  2.0
Throwing       | |  1.1
Dodging        | |  2.4
Spellcasting   | |  2.0
Translocations | |  3.0

Action                   || total
-------------------------++-------
Melee: Falchion          ||    85
       Constrict         ||    17
       Tentacles         ||    12
 Fire: Hunting sling     ||     3
  Use: Scroll            ||     3
 Stab: Sleeping          ||     7
Armor: Skin              ||    17
Dodge: Dodged            ||    75

Table legend: (Time is in decaauts)
 A = Elapsed time spent in this place.
 B = Non-inter-level travel time spent in this place.
 C = Inter-level travel time spent in this place.
 D = Time resting spent in this place.
 E = Time spent auto-exploring this place.
 F = Levels seen in this place.
 G = Mean time per level.
                   A        B        C        D        E       F      G
               +--------+--------+--------+--------+--------+-----+--------+
         Total |   1802 |   1782 |     20 |      0 |   1516 |   2 |  901.0 |
       Dungeon |   1802 |   1782 |     20 |      0 |   1516 |   2 |  901.0 |
               +--------+--------+--------+--------+--------+-----+--------+

Top non-repeatable levels by time:
     D:1: 1419 daAuts
     D:2: 383 daAuts
